 Dungeon Crawl Stone Soup version 0.28-a0-479-g5baa6b73be (webtiles) character file.

Game seed: 3124131393403859100

86 willcat the Sneak (level 4, 0/31 HPs)
             Began as an Octopode Delver on Sept 19, 2021.
             Was an Initiate of Sif Muna.
             Slain by an orc (3 damage)
             ... on level 3 of the Dungeon.
             The game lasted 00:02:30 (830 turns).

willcat the Sneak (Octopode Delver)                  Turns: 830, Time: 00:02:30

Health: 0/31       AC:  1    Str: 11    XL:     4   Next: 50%
Magic:  4/4        EV: 13    Int: 13    God:    Sif Muna [......]
Gold:   15         SH:  0    Dex: 13    Spells: 3/3 levels left

rFire   . . .      SeeInvis .   a - +1 short sword
rCold   . . .      Faith    .   (no shield)
rNeg    . . .      Spirit   .   (helmet restricted)
rPois   .          Reflect  .   (no amulet)
rElec   .          Harm     .   (no ring)
rCorr   .          Rampage  .   (no ring)
Will    .....                   (no ring)
Stlth   +++++.....              (no ring)
HPRegen 0.10/turn               (no ring)
MPRegen 0.09/turn               (no ring)
                                (no ring)
                                (no ring)

@: no status effects
A: almost no armour, amphibious, 8 rings, camouflage 1, gelatinous body 1,
(nimble swimmer 1), tentacles
a: Renounce Religion


You were on level 3 of the Dungeon.
You worshipped Sif Muna.
Sif Muna was noncommittal.
You visited 2 branches of the dungeon, and saw 5 of its levels.

You collected 15 gold pieces.

Inventory:

Hand Weapons
 a - a +1 short sword (weapon)
Wands
 f - a wand of digging (1)
Scrolls
 b - a scroll of fog
 c - a scroll of magic mapping
Potions
 e - a potion of haste


   Skills:
 - Level 3.0 Fighting
 + Level 3.1 Short Blades
 + Level 3.0 Dodging
 + Level 7.5 Stealth


You had 3 spell levels left.
You didn't know any spells.
Your spell library was empty.

Dungeon Overview and Level Annotations

Branches:
Dungeon (6/15)             Temple (1/1) D:5

Altars:
Ashenzari
Dithmenos
Elyvilon
Fedhas
Gozag
Hepliaklqana
Kikubaaqudgha
Makhleb
Nemelex Xobeh
Okawaru
Qazlal
Sif Muna
Uskayaw
Vehumet
Wu Jian
Yredelemnul
Zin
The Shining One

Annotations:
D:5 3 runed translucent doors


Innate Abilities, Weirdness & Mutations

You cannot wear most types of armour.
You are amphibious.
You can wear up to eight rings at the same time.
Your skin changes colour to match your surroundings (Stealth+).
Your rubbery body absorbs attacks. (AC +1, EV +1)
((You are camouflaged near water. (Stealth+)))
You have tentacles for arms and can constrict up to eight enemies at once.


Message History

There is an entrance to a sewer on this level.
Hurry and find it before the portal rusts away!
Found 23 gold pieces.
There is a stone staircase leading down here.
Unknown command.
Unknown command.
You hit the ball python. You grab the ball python. You squeeze the ball python.
You kill the ball python!
Sif Muna accepts your kill.
Unknown command.
The helpless orc fails to defend itself.
You impale the orc!!
You kill the orc!
Sif Muna accepts your kill.
Unknown command.
An orc comes into view. It is wielding a +0 dagger.
You see here a +0 mace.
The helpless orc fails to defend itself.
You impale the orc!!
You kill the orc!
Sif Muna accepts your kill.
Unknown command.
Things that are here:
a +0 club; a +0 ring mail; an orc corpse The helpless orc fails to defend itself.
You impale the orc!!
You kill the orc!
Sif Muna accepts your kill.
The orc shouts! x2
The orc hits you with a +0 club.
* * * LOW HITPOINT WARNING * * *
You hit the orc. You grab the orc.
The orc is almost dead.
You constrict the orc.
You kill the orc!
Sif Muna accepts your kill.
Unknown command.
You hit the orc. You grab the orc. You squeeze the orc.
The orc is severely wounded.
You constrict the orc. The orc hits you with a +0 dagger.
You die...

#..........#
#..........#
###..........#
.............#
.............#
.............#
..≈..........#
.≈.......)@).##
.≈.....>..o)......
......†...#.##.##.
......$...#.# #
≈.........#.#
.#........#.#
.....$....#.#
##........#..
#.........


You could see an orc.

Vanquished Creatures
  A scorpion (D:5)
  An adder (D:5)
  9 orcs
  An endoplasm (D:4)
  A ball python (D:3)
13 creatures vanquished.

Notes
Turn   | Place    | Note
-------+----------+-------------------------------------------
     0 | D:5      | willcat the Octopode Delver began the quest for the Orb.
     0 | D:5      | Reached XP level 1. HP: 16/16 MP: 1/1
    17 | D:5      | Reached XP level 2. HP: 12/21 MP: 2/2
   170 | D:5      | Noticed a scorpion
   180 | D:5      | Killed a scorpion
   181 | D:5      | Reached skill level 7 in Stealth
   181 | D:5      | Reached XP level 3. HP: 26/26 MP: 3/3
   181 | D:5      | Reached XP level 4. HP: 31/31 MP: 4/4
   194 | D:5      | Found a staircase to the Ecumenical Temple.
   222 | D:5      | Noticed a black bear
   224 | D:5      | Found a runed translucent gate.
   224 | D:5      | Found a runed translucent gate.
   224 | D:5      | Found a runed translucent gate.
   234 | Temple   | Entered the Ecumenical Temple
   339 | Temple   | Became a worshipper of Sif Muna the Loreminder
   376 | Temple   | HP: 1/31 [orc (2)]
   761 | D:5      | HP: 1/31 [black bear (2)]
   830 | D:3      | Slain by an orc

Illustrated notes

Levels and vault maps discovered:
D:3:      layout_basic, mainiacjoe_overflow_small_starburst,
          lightli_sewer_entry_pipes, chequers_serial_rivers_micro_c
D:4:      layout_cave_pools
D:5:      layout_cave_pools, minmay_temple_entry_grid,
          gammafunk_ghost_necromancy
D:6:      layout_cave_pods, chequers_temple_overflow_statue_of_worship,
          ebering_ghost_rock_garden, uniq_blork_the_orc, uniq_pikel, uniq_edmund
Temple:   compressed_dpeg_circular_temple

Skill      XL: |  1  2  3  4 |
---------------+-------------+-----
Stealth        | 7 |  7.5
Short Blades   | 3 |  3.1
Dodging        | 3 |  3.0
Fighting       | |  3.0

Action                   |  1- 3 |  4- 6 || total
-------------------------+-------+-------++-------
Melee: Short sword       |     4 |    21 ||    25
       Constrict         |     1 |     5 ||     6
       Tentacles         |       |     4 ||     4
Evoke: Wand              |       |     2 ||     2
  Use: Scroll            |       |     3 ||     3
       Potion            |       |     1 ||     1
 Stab: Sleeping          |     2 |     4 ||     6
       Distracted        |       |     1 ||     1
Dodge: Dodged            |     8 |    22 ||    30

Table legend: (Time is in decaauts)
 A = Elapsed time spent in this place.
 B = Non-inter-level travel time spent in this place.
 C = Inter-level travel time spent in this place.
 D = Time resting spent in this place.
 E = Time spent auto-exploring this place.
 F = Levels seen in this place.
 G = Mean time per level.
                   A        B        C        D        E       F      G
               +--------+--------+--------+--------+--------+-----+--------+
         Total |    829 |    783 |     46 |    400 |     77 |   5 |  165.8 |
       Dungeon |    341 |    341 |      0 |    127 |     35 |   4 |   85.2 |
        Temple |    488 |    442 |     46 |    273 |     42 |   1 |  488.0 |
               +--------+--------+--------+--------+--------+-----+--------+

Top non-repeatable levels by time:
  Temple: 488 daAuts
     D:5: 168 daAuts
     D:6: 150 daAuts
     D:4: 13 daAuts
     D:3: 8 daAuts
